[Event "ICC tourney 1953 (60 10)"]
[Site "Internet Chess Club"]
[Date "2020.08.07"]
[Round "2"]
[White "speedskater"]
[Black "JosephLevine"]
[Result "1-0"]
[ICCResult "Black checkmated"]
[WhiteElo "2646"]
[BlackElo "2181"]
[Opening "QGD semi-Slav"]
[ECO "D43"]
[NIC "QO.16"]
[Time "15:24:25"]
[TimeControl "3600+10"]

1. d4 d5 2. c4 e6 3. Nc3 Nf6 4. Nf3 c6 5. Bg5 Nbd7 6. cxd5 exd5 7. e3 Bd6 8.
Bd3 O-O 9. Qc2 h6 10. Bh4 Re8 11. Bg3 Bxg3 12. hxg3 Nf8 13. O-O-O Bg4 14.
Rde1 Bxf3 15. gxf3 Rc8 16. Kb1 c5 17. Bf5 Ne6 18. Bxe6 Rxe6 19. dxc5 Rxc5
20. Rd1 b5 21. Qd3 Qa5 22. Rh4 b4 23. Ne2 Nd7 24. Qb3 Rb6 25. Rhd4 Rbb5 26.
e4 Nb6 27. exd5 Rc3 28. bxc3 bxc3 29. R1d3 Rxb3+ 30. axb3 c2+ 31. Kb2 Qe1
32. Nc1 Qxf2 33. f4 g5 34. d6 Nd7 35. Rc4 Qb6 36. Rc7 Nf6 37. fxg5 hxg5 38.
d7 Nxd7 39. Rdxd7 Qf2 40. Rxf7 Qxg3 41. Rfd7 Qe5+ 42. Kxc2 Qf5+ 43. Nd3 Qf8
44. Rxa7 Qc8+ 45. Rac7 Qe8 46. Ne5 g4 47. Rg7+ Kh8 48. Ng6+ Qxg6+ 49. Rxg6
g3 50. Rc8+ Kh7 51. Rxg3 Kh6 52. Rh8# {Black checkmated} 1-0

[Event "ICC tourney 1953 (60 10)"]
[Site "Internet Chess Club"]
[Date "2020.08.07"]
[Round "2"]
[White "Redbaron"]
[Black "frisco"]
[Result "1/2-1/2"]
[ICCResult "Game drawn by repetition"]
[WhiteElo "2324"]
[BlackElo "2470"]
[Opening "Scotch: Schmidt variation"]
[ECO "C45"]
[NIC "SO.03"]
[Time "15:24:14"]
[TimeControl "3600+10"]

1. e4 e5 2. Nf3 Nc6 3. d4 exd4 4. Nxd4 Nf6 5. Nc3 Bb4 6. Nxc6 bxc6 7. Bd3 d5
8. exd5 cxd5 9. O-O O-O 10. Bg5 c6 11. Ne2 h6 12. Bh4 Bd7 13. c4 Bd6 14. h3
Be5 15. Qc2 Qb6 16. Rab1 Rfe8 17. Kh1 dxc4 18. Bxc4 Nd5 19. Bg3 Rad8 20.
Bxe5 Rxe5 21. Rbd1 Rde8 22. Ng3 Be6 23. b3 Qb8 24. Rde1 Nb4 25. Qd2 Bxc4 26.
Rxe5 Qxe5 27. bxc4 c5 28. a3 Nc6 29. Qd5 Nd4 30. Qxe5 Rxe5 31. Rb1 f5 32.
Nh5 Ne6 33. Rb7 f4 34. g4 fxg3 35. Nxg3 Nf4 36. Kh2 a5 37. Ra7 Nd3 38. Rxa5
Nxf2 39. Ra8+ Kh7 40. Rd8 Re3 41. Rd2 Rxg3 42. Rxf2 Rxa3 43. Rf5 Ra5 44. Kg3
Kg6 45. Rd5 Kf6 46. h4 g6 47. Kg4 Ke6 48. Kf4 Ke7 49. h5 gxh5 50. Rxh5 Kd7
51. Rxh6 Ra4 52. Ke3 Rxc4 53. Kd3 Rc1 54. Kd2 Rc4 55. Kd3 Rb4 56. Kc3 Kc7
57. Rg6 Kb7 58. Rh6 Kc7 59. Rg6 Kb7 60. Rh6 Kc7 61. Rg6 Kb7 62. Rh6 Kc7 63.
Rg6 {Game drawn by repetition} 1/2-1/2

[Event "ICC tourney 1953 (60 10)"]
[Site "Internet Chess Club"]
[Date "2020.08.07"]
[Round "2"]
[White "tacticsalk"]
[Black "Yoes"]
[Result "0-1"]
[ICCResult "White resigns"]
[WhiteElo "2315"]
[BlackElo "2724"]
[Opening "Bogo-Indian defense, Grünfeld variation"]
[ECO "E11"]
[NIC "QI.01"]
[Time "15:24:23"]
[TimeControl "3600+10"]

1. d4 Nf6 2. c4 e6 3. Nf3 Bb4+ 4. Nbd2 O-O 5. a3 Be7 6. e4 d6 7. Be2 Nfd7 8.
O-O e5 9. d5 a5 10. b3 Nc5 11. Bb2 f5 12. exf5 Bxf5 13. b4 Nd3 14. Bxd3 Bxd3
15. Re1 Qe8 16. Re3 Qg6 17. Nb3 Bc2 18. Qe2 axb4 19. axb4 Rxa1+ 20. Nxa1 Bf5
21. Bc3 Bg4 22. Qc2 Qh5 23. Qd3 Nd7 24. Nb3 Bxf3 25. Rxf3 Rxf3 26. Qxf3 Qxf3
27. gxf3 b5 28. Na5 Nb6 29. cxb5 Nxd5 30. Bd2 Kf7 31. Kf1 Ke6 32. Ke2 Nb6
33. Kd3 d5 34. f4 e4+ 35. Kd4 g6 36. Nb3 Kd6 37. Na5 Bf6+ 38. Ke3 Ke6 39. f3
exf3 40. Kxf3 Nc8 41. Nb7 Na7 42. Nc5+ Kf5 43. b6 cxb6 44. Nd7 b5 45. Nxf6
Kxf6 46. Bc3+ Kf5 47. h3 Nc6 48. Ke3 d4+ 49. Bxd4 Nxb4 {White resigns} 0-1

[Event "ICC tourney 1953 (60 10)"]
[Site "Internet Chess Club"]
[Date "2020.08.07"]
[Round "2"]
[White "SAO"]
[Black "Enamul"]
[Result "1-0"]
[ICCResult "Black resigns"]
[WhiteElo "2601"]
[BlackElo "2413"]
[Opening "Benoni: Nimzovich (knight's tour) variation"]
[ECO "A61"]
[NIC "BI.03"]
[Time "15:24:26"]
[TimeControl "3600+10"]

1. d4 Nf6 2. c4 e6 3. Nf3 c5 4. d5 exd5 5. cxd5 d6 6. Nc3 g6 7. Nd2 Nbd7 8.
e4 Bg7 9. Be2 O-O 10. O-O Re8 11. a4 a6 12. Re1 Ne5 13. f4 Neg4 14. Bf3 Nxe4
15. Ncxe4 Bd4+ 16. Kh1 Nxh2 17. Nf6+ Bxf6 18. Rxe8+ Qxe8 19. Kxh2 Qf8 20.
Nc4 Bf5 21. g4 Bd7 22. Be3 Re8 23. Qd2 b5 24. Nb6 Qe7 25. Bf2 bxa4 26. Nxa4
Rb8 27. Nc3 Rb4 28. Re1 Qd8 29. Re2 Qb8 30. Bg3 Bd4 31. f5 gxf5 32. Qg5+ Kh8
33. Qe7 Rxb2 34. Bxd6 Rxe2+ 35. Nxe2 Qe8 36. Qxe8+ Bxe8 37. Nxd4 cxd4 38.
Be5+ Kg8 39. gxf5 d3 40. Kg3 Ba4 41. Bc3 f6 42. Kf4 Kf7 43. Ke3 Bb5 44. d6
h6 45. Bd5+ {Black resigns} 1-0

[Event "ICC tourney 1953 (60 10)"]
[Site "Internet Chess Club"]
[Date "2020.08.07"]
[Round "2"]
[White "fastturle"]
[Black "erickzhao"]
[Result "0-1"]
[ICCResult "White resigns"]
[WhiteElo "2145"]
[BlackElo "2281"]
[Opening "English: Neo-Catalan"]
[ECO "A13"]
[NIC "RE.11"]
[Time "15:24:42"]
[TimeControl "3600+10"]

1. c4 Nf6 2. g3 e6 3. Nf3 d5 4. Bg2 g6 5. O-O Bg7 6. d4 O-O 7. Qc2 Nc6 8. e3
a5 9. b3 Nb4 10. Qe2 b6 11. Nbd2 Ba6 12. Bb2 c5 13. Ne5 Rc8 14. Rfd1 Qe7 15.
a3 Nc6 16. dxc5 bxc5 17. Nxc6 Rxc6 18. e4 dxe4 19. Nxe4 Nxe4 20. Bxg7 Kxg7
21. Qxe4 Rb6 22. Qe3 Rfb8 23. Qc3+ e5 24. Qxa5 Bc8 25. Rd5 Rxb3 26. h4 Qf6
27. Qxc5 Be6 28. Rd6 Rb2 29. Rf1 Qf5 30. Re1 Rb1 31. Rxb1 Rxb1+ 32. Kh2 Rb2
33. Rd8 Qxf2 34. Qxe5+ f6 35. Qc7+ Bf7 36. Qc6 Bxc4 37. Qc7+ Kh6 38. Qc6 Bf1
39. Qc1+ g5 40. hxg5+ Kh5 41. Qd1+ Re2 42. g4+ Kh4 43. Qd5 Qg3+ {White
resigns} 0-1

[Event "ICC tourney 1953 (60 10)"]
[Site "Internet Chess Club"]
[Date "2020.08.07"]
[Round "2"]
[White "FullStep"]
[Black "milindm"]
[Result "0-1"]
[ICCResult "White resigns"]
[WhiteElo "2110"]
[BlackElo "2235"]
[Opening "Sicilian defense"]
[ECO "B40"]
[NIC "SI.43"]
[Time "15:24:16"]
[TimeControl "3600+10"]

1. e4 c5 2. Nf3 e6 3. g3 d5 4. exd5 exd5 5. Bg2 Nf6 6. O-O Be7 7. d4 O-O 8.
Re1 Nc6 9. dxc5 Bxc5 10. Nc3 h6 11. h3 Be6 12. Na4 Bd6 13. Be3 Ne4 14. Nd4
Nxd4 15. Bxd4 Qd7 16. Nc3 Bxh3 17. Bxh3 Qxh3 18. Nxe4 dxe4 19. Rxe4 Bxg3 20.
Qg4 Qh2+ 21. Kf1 Qh1+ 22. Ke2 Qxe4+ 23. Qxe4 Rfe8 24. Qxe8+ Rxe8+ 25. Kf3
Bb8 26. Rg1 g5 27. Rh1 Kh7 28. Be3 Kg6 29. Rd1 f5 30. Rd7 g4+ 31. Kg2 f4 32.
Bd2 f3+ 33. Kg1 b6 34. c4 h5 35. b4 Rc8 36. Rd5 Rxc4 37. Rg5+ Kf7 38. Rxh5
Rd4 39. Be1 Rd1 40. Kf1 Kg6 41. Rh8 Be5 42. Re8 Bc3 43. b5 Rxe1+ 44. Rxe1
Bxe1 45. Kxe1 Kf5 {White resigns} 0-1

[Event "ICC tourney 1953 (60 10)"]
[Site "Internet Chess Club"]
[Date "2020.08.07"]
[Round "2"]
[White "Rafael"]
[Black "rjc64uk"]
[Result "1/2-1/2"]
[ICCResult "Game drawn by mutual agreement"]
[WhiteElo "2197"]
[BlackElo "2106"]
[Opening "Queen's pawn game"]
[ECO "A46"]
[NIC "QP.06"]
[Time "15:24:13"]
[TimeControl "3600+10"]

1. d4 Nf6 2. Nf3 d6 3. e3 Nbd7 4. Bd3 e5 5. Nbd2 Be7 6. c3 O-O 7. O-O c6 8.
e4 Qc7 9. Nh4 Re8 10. Nf5 Bf8 11. Re1 g6 12. Ng3 Bg7 13. Nf3 Nf8 14. h3 Ne6
15. Bf1 a5 16. Be3 b6 17. Qd2 Bb7 18. Rad1 Red8 19. Bh6 Ne8 20. Bxg7 Kxg7
21. Ng5 Nf4 22. Bc4 d5 23. exd5 cxd5 24. Rxe5 Nxh3+ 25. gxh3 dxc4 26. Qe2
Bd5 27. Re1 Nf6 28. Re7 Rd7 29. Re5 Qc6 30. f3 Rad8 31. Kf2 h6 32. N5e4 Be6
33. Nxf6 Kxf6 34. Qe3 Kg7 35. Qf4 Bd5 36. h4 Qd6 37. Qe3 Qf6 38. Rh1 Kh7 39.
h5 g5 40. Ne4 Bxe4 41. Qxe4+ Kg7 42. Re1 Kg8 43. d5 b5 44. Qd4 Kg7 45. R1e4
Rd6 46. Ke2 Kh7 47. Rg4 b4 48. f4 Rg8 49. Qe4+ Kh8 50. Rf5 Qg7 51. fxg5 bxc3
52. bxc3 Qxc3 53. Rxf7 Qd3+ 54. Kf2 Qxe4 55. Rxe4 Rxg5 56. Rxc4 Rdxd5 57.
Rc8+ Rg8 58. Rcc7 Rgd8 59. Rh7+ Kg8 60. Rxh6 Rd2+ 61. Ke3 Rxa2 62. Rg6+ Kh8
63. Ra6 Ra4 64. h6 Rh4 65. Rcc6 Rb8 66. Kf2 a4 67. Kg3 Rh1 68. Rc7 a3 69.
Kg2 Rh5 70. Rcc6 Kh7 71. Rc7+ Kh8 72. Rcc6 Kh7 73. Rxa3 Rb7 74. Raa6 Rh4 75.
Kg3 Rhb4 76. Re6 Rc4 77. Rab6 Ra7 78. Rb3 Rd7 79. Rf3 Ra7 80. Kh3 Rb7 81.
Rg3 Rcb4 82. Rge3 Rc4 83. Kg3 Ra4 84. Rd3 Rc4 85. Kh3 Ra4 86. Rg3 Rc4 87.
Rg4 Rxg4 88. Kxg4 Rb5 89. Rd6 Ra5 {Game drawn by mutual agreement} 1/2-1/2

[Event "ICC tourney 1953 (60 10)"]
[Site "Internet Chess Club"]
[Date "2020.08.07"]
[Round "2"]
[White "rhungaski"]
[Black "ozmin"]
[Result "1-0"]
[ICCResult "Black resigns"]
[WhiteElo "2600"]
[BlackElo "2271"]
[Opening "French: Two knights variation"]
[ECO "C00"]
[NIC "FR.01"]
[Time "15:24:25"]
[TimeControl "3600+10"]

1. e4 e6 2. Nf3 d5 3. Nc3 Nf6 4. e5 Nfd7 5. d4 c5 6. dxc5 Nc6 7. Bf4 Bxc5 8.
Bd3 f6 9. exf6 Nxf6 10. O-O O-O 11. Ne5 a6 12. Qe2 Nxe5 13. Bxe5 b5 14. a4
b4 15. Nb1 Ra7 16. Nd2 Raf7 17. Nb3 Ba7 18. Bd4 Bxd4 19. Nxd4 Qb6 20. Nf3
Ne4 21. Bxe4 dxe4 22. Ne5 Rf4 23. g3 R4f5 24. Nc4 Qc5 25. Rad1 Rd5 26. Ne3
Rxd1 27. Rxd1 Bb7 28. Qc4 Qxc4 29. Nxc4 Bd5 30. Nb6 Rd8 31. a5 Rd6 32. Rd2
Rc6 33. Na4 Kf7 34. Kf1 Kf6 35. Ke2 Kf5 36. h3 h5 37. Ke3 Ke5 38. Nb6 g5 39.
Nd7+ Kf5 40. Nb8 Rc5 41. Nxa6 Rb5 42. Rd4 Rxa5 43. Nxb4 Ke5 44. Rxd5+ Rxd5
45. Nxd5 exd5 46. c3 Ke6 47. Kd4 Kd6 48. b4 Kc6 49. Ke5 {Black resigns} 1-0

[Event "ICC tourney 1953 (60 10)"]
[Site "Internet Chess Club"]
[Date "2020.08.07"]
[Round "2"]
[White "SilentFog"]
[Black "lmperatorX"]
[Result "1-0"]
[ICCResult "Black resigns"]
[WhiteElo "2448"]
[BlackElo "2115"]
[Opening "Nimzovich-Larsen attack: classical variation"]
[ECO "A01"]
[NIC "VO.08"]
[Time "15:24:42"]
[TimeControl "3600+10"]

1. b3 d5 2. Bb2 Nf6 3. Nf3 e6 4. e3 Be7 5. c4 O-O 6. Nc3 b6 7. Qc2 Bb7 8.
Rc1 c5 9. cxd5 Nxd5 10. Be2 Nc6 11. Nxd5 Qxd5 12. O-O Rfd8 13. Qb1 Nb4 14.
d4 cxd4 15. Bxd4 Rac8 16. Qb2 Bf8 17. a3 Nc6 18. Bc3 Na5 19. b4 Nc4 20. Qa1
b5 21. Rfd1 Qe4 22. Bd4 a6 23. h3 Qg6 24. Nh4 Qh6 25. Bf3 Bd5 26. Bxd5 Rxd5
27. Nf3 Rcd8 28. Ne5 Nxe5 29. Bxe5 Qh5 30. Rxd5 Rxd5 31. Bg3 h6 32. Kh2 Rd3
33. Rc8 Qd5 34. Qc1 Qd7 35. Qc5 {Black resigns} 1-0

[Event "ICC tourney 1953 (60 10)"]
[Site "Internet Chess Club"]
[Date "2020.08.07"]
[Round "2"]
[White "hydroblade"]
[Black "TjkTiger"]
[Result "1-0"]
[ICCResult "Black forfeits on time"]
[WhiteElo "2135"]
[BlackElo "2556"]
[Opening "Czech Benoni defense"]
[ECO "A56"]
[NIC "OI.05"]
[Time "15:24:46"]
[TimeControl "3600+10"]

1. d4 Nf6 2. c4 c5 3. d5 e5 4. Nc3 d6 5. e4 Nbd7 6. Nf3 a6 7. Be2 Be7 8. O-O
O-O 9. Ne1 Ne8 10. Nd3 g6 11. Bh6 Ng7 12. Qd2 f5 13. f4 Bf6 14. exf5 gxf5
15. Kh1 e4 16. Ne1 Qe8 17. Nc2 Qg6 18. Bg5 Bxg5 19. fxg5 Ne5 20. a3 Bd7 21.
b4 b6 22. Qf4 Qe8 23. Ne3 Qe7 24. h4 Ng6 25. Qh2 f4 26. Ng4 Nf5 27. Rxf4
Nxf4 28. Qxf4 Kh8 29. Re1 Rae8 30. Bf3 Nxh4 31. Nf6 Nxf3 32. gxf3 Qg7 33.
Ncxe4 Re5 34. bxc5 bxc5 35. Rg1 Qg6 36. Nxd6 Re2 37. Nde4 Bc8 38. Rg2 Rxg2
39. Kxg2 Bf5 40. Qe5 Bxe4 41. fxe4 Qg7 42. d6 h6 43. Ng4 Rd8 44. gxh6 Qxe5
45. Nxe5 Kh7 46. d7 Rg8+ 47. Kf3 Rf8+ 48. Ke3 Rd8 49. Kf4 Rf8+ 50. Kg5 a5
51. Nc6 a4 52. d8=Q Re8 53. Qd7+ {Black forfeits on time} 1-0

[Event "ICC tourney 1953 (60 10)"]
[Site "Internet Chess Club"]
[Date "2020.08.07"]
[Round "2"]
[White "espark"]
[Black "Aleksandrov73"]
[Result "0-1"]
[ICCResult "White resigns"]
[WhiteElo "2302"]
[BlackElo "2711"]
[Opening "Ruy Lopez: closed, Bogolyubov variation"]
[ECO "C91"]
[NIC "RL.20"]
[Time "15:24:25"]
[TimeControl "3600+10"]

1. e4 e5 2. Nf3 Nc6 3. Bb5 a6 4. Ba4 Nf6 5. O-O Be7 6. Re1 b5 7. Bb3 d6 8.
c3 O-O 9. d4 Bg4 10. Be3 Bh5 11. h4 Re8 12. Nbd2 exd4 13. cxd4 Nb4 14. Qb1
c5 15. a3 Nc6 16. d5 Ne5 17. Nxe5 dxe5 18. f3 c4 19. Bc2 Bg6 20. Nf1 Nd7 21.
g3 a5 22. Qd1 Nc5 23. Qe2 Rc8 24. Nd2 a4 25. Rf1 Nb3 26. Bxb3 axb3 27. Rac1
f5 28. Rfd1 f4 29. gxf4 exf4 30. Bxf4 Bc5+ 31. Be3 Bxe3+ 32. Qxe3 Qxh4 33.
Qf2 Qg5+ 34. Kf1 Rf8 35. Rc3 Rf4 36. Re1 Qh5 37. Ree3 Rh4 38. Ke1 Rh2 39.
Qg3 Ra8 40. Rc1 Rh3 41. Qf2 Rh2 42. Qg3 Rh3 43. Qf2 Rf8 44. Rcc3 Be8 45. Nf1
Rh1 46. Kd2 Qh3 47. Ke2 Bd7 48. d6 h6 49. Rc1 Be6 50. Rcc3 Rd8 51. e5 Bf5
52. f4 Qg4+ 53. Kd2 Bd3 54. Rcxd3 cxd3 55. Rxd3 Rc8 56. d7 Rc2+ 57. Ke1 Rc1+
58. Kd2 Rc2+ 59. Ke1 Rc1+ 60. Kd2 Rd1+ 61. Kc3 Rxd3+ 62. Kxd3 Qxd7+ 63. Ke2
Qg4+ 64. Kd2 Rh4 65. Ke3 g5 66. fxg5 Qd4+ 67. Ke2 Qxf2+ 68. Kxf2 hxg5 69.
Nd2 Rh2+ 70. Ke3 g4 71. Nxb3 Rh3+ {White resigns} 0-1

[Event "ICC tourney 1953 (60 10)"]
[Site "Internet Chess Club"]
[Date "2020.08.07"]
[Round "2"]
[White "slugger"]
[Black "PawnEatingZombi"]
[Result "1-0"]
[ICCResult "Black resigns"]
[WhiteElo "2361"]
[BlackElo "2176"]
[Opening "Caro-Kann: Goldman (Spielmann) variation"]
[ECO "B11"]
[NIC "CK.01"]
[Time "15:24:35"]
[TimeControl "3600+10"]

1. e4 c6 2. Nc3 d5 3. Qf3 dxe4 4. Nxe4 Nf6 5. Nxf6+ exf6 6. Bc4 Bd6 7. d4
O-O 8. Ne2 Re8 9. O-O Nd7 10. c3 Nf8 11. Ng3 Qc7 12. h3 Ng6 13. Nf5 Bh2+ 14.
Kh1 Bf4 15. Bxf4 Nxf4 16. Ne3 Be6 17. Rfe1 Bxc4 18. Nxc4 Nd5 19. g3 Re6 20.
Rxe6 fxe6 21. Re1 Re8 22. Qg4 Qd7 23. Kg1 g6 24. Nd2 Kg7 25. h4 b6 26. Nf3
h5 27. Qe4 Qd6 28. c4 Nc7 29. Kg2 Rd8 30. g4 hxg4 31. Qxg4 Rh8 32. Re3 Rh5
33. Qe4 Rf5 34. Qg4 Qf4 35. Qxf4 Rxf4 36. Ra3 a5 37. c5 bxc5 38. Rxa5 Nb5
39. dxc5 Rc4 40. a4 Nd4 41. Nxd4 Rxd4 42. Ra7+ Kf8 43. Ra6 Rb4 44. Rxc6 Rxb2
45. Rxe6 Kf7 46. Re4 Rc2 47. a5 Rxc5 48. Ra4 Rc7 49. a6 Ra7 50. Kg3 Ke6 51.
Ra5 Kd6 52. f4 Ke6 53. f5+ gxf5 54. Kf4 Kd6 55. Kxf5 Kc6 56. Ra1 Kb6 57.
Kxf6 {Black resigns} 1-0

[Event "ICC tourney 1953 (60 10)"]
[Site "Internet Chess Club"]
[Date "2020.08.07"]
[Round "2"]
[White "Falstaf"]
[Black "FlyCatcher"]
[Result "0-1"]
[ICCResult "White forfeits on time"]
[WhiteElo "2589"]
[BlackElo "2533"]
[Opening "Queen's bishop game"]
[ECO "D02"]
[NIC "QP.08"]
[Time "15:24:26"]
[TimeControl "3600+10"]

1. d4 d5 2. Nf3 Nf6 3. Bf4 c5 4. e3 Nc6 5. Nbd2 Nh5 6. dxc5 Nxf4 7. exf4 Qa5
8. a3 Qxc5 9. c4 d4 10. Bd3 Qd6 11. g3 g6 12. O-O Bg7 13. b4 O-O 14. c5 Qc7
15. b5 Nd8 16. Rc1 Bg4 17. Qc2 Ne6 18. f5 Bxf5 19. Bxf5 gxf5 20. Qxf5 a6 21.
a4 axb5 22. axb5 Ra5 23. Ne4 h6 24. Rb1 Rd8 25. Rfd1 Qd7 26. Nh4 Rxb5 27.
Rxb5 Qxb5 28. Qg4 d3 29. Nf5 Kf8 30. Qh4 Rd7 31. Qg4 Qb2 32. Rd2 Qe5 33. Qf3
Ng5 34. Nxg5 Qe1+ 35. Kg2 Qxd2 36. Nxh6 Bf6 {White forfeits on time} 0-1

[Event "ICC tourney 1953 (60 10)"]
[Site "Internet Chess Club"]
[Date "2020.08.07"]
[Round "2"]
[White "joebobpop"]
[Black "londonkid"]
[Result "1-0"]
[ICCResult "Black resigns"]
[WhiteElo "2267"]
[BlackElo "2109"]
[Opening "French: Burn variation"]
[ECO "C11"]
[NIC "FR.05"]
[Time "15:24:06"]
[TimeControl "3600+10"]

1. e4 e6 2. d4 d5 3. Nc3 Nf6 4. Bg5 dxe4 5. Nxe4 Nbd7 6. Nxf6+ Nxf6 7. c3
Be7 8. Bd3 O-O 9. Ne2 b6 10. Qc2 h6 11. Bh4 Bb7 12. O-O c5 13. Rad1 Qc7 14.
dxc5 Ng4 15. Bg3 Qc6 16. Nf4 g5 17. Qe2 gxf4 18. Qxg4+ Kh8 19. Qh3 Bg5 20.
f3 fxg3 21. f4 gxh2+ 22. Kxh2 Bh4 23. Rf3 Rg8 24. Rg1 e5 25. Qxh4 e4 26. Bb5
Qg6 27. Rg3 Qxg3+ 28. Qxg3 Rxg3 29. Kxg3 bxc5 30. Kf2 Rd8 31. Ke3 Kg7 32. g4
Kf6 33. Rh1 Kg6 34. Bc4 Bc8 35. f5+ Kg5 36. Be2 Rh8 37. Rh5+ Kf6 38. Kxe4
Re8+ 39. Kf3 Bb7+ 40. Kf2 Kg7 41. Bd3 Rd8 42. Ke3 Re8+ 43. Kf4 Rd8 44. Rh3
Bd5 45. b3 a5 46. Ke5 Bc6 47. f6+ Kg8 48. Bf5 Rd5+ 49. Kf4 Rd2 50. Rd3 Rxd3
51. Bxd3 Kf8 52. Ke5 Bf3 53. Bf5 Ke8 54. Kd6 Kd8 55. Kxc5 Kc7 56. a4 Bd1 57.
Be6 fxe6 58. f7 Kd7 59. f8=Q {Black resigns} 1-0

[Event "ICC tourney 1953 (60 10)"]
[Site "Internet Chess Club"]
[Date "2020.08.07"]
[Round "2"]
[White "Bo002"]
[Black "noki101"]
[Result "1-0"]
[ICCResult "Black resigns"]
[WhiteElo "2220"]
[BlackElo "2042"]
[Opening "Neo-Grünfeld, 6.O-O c6"]
[ECO "D78"]
[NIC "QP.08"]
[Time "15:24:22"]
[TimeControl "3600+10"]

1. d4 d5 2. Nf3 Nf6 3. c4 c6 4. g3 g6 5. Bg2 Bg7 6. O-O O-O 7. b3 Ne4 8. Bb2
Nd7 9. Nbd2 Ndf6 10. e3 Be6 11. Qe2 a5 12. a3 Qb6 13. cxd5 Bxd5 14. Qd3 Rfd8
15. Rac1 Qa6 16. Nc4 Nd7 17. Rfd1 a4 18. Ne1 Nec5 19. dxc5 Bxc4 20. Rxc4
Bxb2 21. Rxa4 Qxd3 22. Nxd3 Rxa4 23. bxa4 Bf6 24. Rb1 Nf8 25. Rb3 Ne6 26.
Kf1 Ra8 27. Rxb7 Rxa4 28. Bxc6 Rxa3 29. Bb5 Kg7 30. c6 Rc3 31. Nf4 Nc5 32.
Ra7 Ne4 33. c7 Be5 34. Nd5 Rc1+ 35. Kg2 e6 36. Bd7 exd5 37. c8=Q Rxc8 38.
Bxc8 d4 39. exd4 Bxd4 40. Ra4 Nd6 41. Rxd4 Nxc8 42. g4 h6 43. f4 Ne7 44. Kf3
Kf6 45. Rd6+ Kg7 46. Ke4 f5+ 47. Ke5 fxg4 48. Rd7 Kf7 49. Kd6 Kf6 50. Rxe7
Kf5 51. Rf7+ Ke4 52. Rf6 h5 53. Ke6 h4 54. Rxg6 Kxf4 55. Rf6+ Ke3 56. Rh6 h3
57. Rf6 {Black resigns} 1-0

[Event "ICC tourney 1953 (60 10)"]
[Site "Internet Chess Club"]
[Date "2020.08.07"]
[Round "2"]
[White "musk6868"]
[Black "binomialfactor"]
[Result "1-0"]
[ICCResult "Black resigns"]
[WhiteElo "2027"]
[BlackElo "2054"]
[Opening "Sicilian: Alapin's variation (2.c3)"]
[ECO "B22"]
[NIC "SI.46"]
[Time "15:24:23"]
[TimeControl "3600+10"]

1. e4 c5 2. c3 d5 3. exd5 Qxd5 4. d4 Nc6 5. Nf3 Bg4 6. dxc5 Qxd1+ 7. Kxd1 e5
8. b4 e4 9. h3 Bxf3+ 10. gxf3 exf3 11. Bf4 Be7 12. Nd2 Nf6 13. Bc4 O-O 14.
Kc2 Rfe8 15. Rae1 Nh5 16. Bh2 Bh4 17. Rxe8+ Rxe8 18. Nxf3 Bxf2 19. Ng5 Nd8
20. Rf1 h6 21. Nxf7 Nxf7 22. Rxf2 Nf6 23. Re2 Rxe2+ 24. Bxe2 Kf8 25. Bf3 Nd8
26. Bxb7 Ke7 27. Bf3 Ne6 28. c6 Ne8 29. a4 g5 30. Kd3 Nf6 31. a5 h5 32. b5
g4 33. hxg4 hxg4 34. Bh1 Nh5 35. b6 axb6 36. axb6 g3 37. Bxg3 Nxg3 38. b7
Nc5+ 39. Kc4 Na6 40. c7 Nxc7 41. b8=Q Nxh1 42. Qxc7+ {Black resigns} 1-0

[Event "ICC tourney 1953 (60 10)"]
[Site "Internet Chess Club"]
[Date "2020.08.07"]
[Round "2"]
[White "shianen"]
[Black "Volkov"]
[Result "1-0"]
[ICCResult "Black forfeits on time"]
[WhiteElo "2230"]
[BlackElo "2591"]
[Opening "QGD Slav defense: exchange variation"]
[ECO "D13"]
[NIC "SL.01"]
[Time "15:24:38"]
[TimeControl "3600+10"]

1. d4 d5 2. c4 c6 3. cxd5 cxd5 4. Nc3 Nc6 5. Nf3 Nf6 6. Bf4 Nh5 7. e3 Nxf4
8. exf4 e6 9. Be2 Bd6 10. g3 O-O 11. O-O Bd7 12. Qd2 a6 13. Ne5 Rc8 14. Rac1
Ne7 15. Rfe1 Be8 16. Bg4 b5 17. Ne2 b4 18. Rxc8 Qxc8 19. Rc1 Qb8 20. Rc2 b3
21. axb3 Qxb3 22. Nc1 Qb6 23. Qe3 Ba4 24. b3 Be8 25. Qc3 Bb4 26. Qb2 a5 27.
Ncd3 Bd6 28. Qc3 Bb5 29. Nc5 Bxe5 30. fxe5 Ra8 31. Qe3 h6 32. Rc3 Ra7 33.
Qf4 Rc7 34. Rf3 Ng6 35. Qe3 Be8 36. h4 Nf8 37. Qf4 Nd7 38. Nxd7 Rxd7 39. Rc3
Rc7 40. Qc1 Rxc3 41. Qxc3 Kf8 42. Be2 Ke7 43. Kf1 f6 44. f4 fxe5 45. fxe5
Bb5 46. Bxb5 Qxb5+ 47. Kf2 Kd7 48. Qf3 Qb4 49. Qf7+ Qe7 50. Qg6 Kc6 51. Ke3
Kb5 52. Qd3+ Kb4 53. Kd2 Qc7 54. Qe3 Qc8 55. Qd3 Qc6 56. Qf3 Qc8 57. Qd3 Ka3
58. Qb1 Qc7 59. Kd3 Kb4 60. Qb2 Qc6 61. g4 Qc8 62. g5 hxg5 63. hxg5 Kb5 64.
Qd2 Qf8 65. Kc2 Qf5+ 66. Kb2 a4 67. bxa4+ Kxa4 68. Qd1+ Kb5 69. Qb3+ Ka5 70.
Qc3+ Kb5 71. Qc5+ Ka4 72. Qc6+ Kb4 73. Qb6+ Kc4 74. Qc5+ Kd3 75. Qc2+ Kxd4
76. Qxf5 exf5 77. e6 f4 78. e7 f3 79. e8=Q f2 80. Qe2 f1=Q 81. Qxf1 g6 82.
Kc2 {Black forfeits on time} 1-0

[Event "ICC tourney 1953 (60 10)"]
[Site "Internet Chess Club"]
[Date "2020.08.07"]
[Round "2"]
[White "esrosenberg"]
[Black "Venom2020"]
[Result "0-1"]
[ICCResult "White resigns"]
[WhiteElo "2156"]
[BlackElo "2118"]
[Opening "Réti: Lisitsin gambit deferred"]
[ECO "A04"]
[NIC "QP.11"]
[Time "15:24:41"]
[TimeControl "3600+10"]

1. Nf3 f5 2. d3 Nf6 3. e4 d6 4. Nc3 Nc6 5. Qe2 e5 6. exf5 Be7 7. g4 Nxg4 8.
Rg1 Bxf5 9. h3 Nf6 10. Rxg7 Qd7 11. Bg5 Qe6 12. d4 e4 13. d5 Nxd5 14. Nxd5
Qxd5 15. Rd1 Qa5+ 16. c3 O-O-O 17. Nh4 Rde8 18. Bxe7 Nxe7 19. Qh5 Rhf8 20.
Be2 Qe5 21. Rxe7 Qxe7 22. Nxf5 Qf6 23. Bg4 Kb8 24. Qh4 Qf7 25. Ne3 Qxa2 26.
Rd2 Qg8 27. Qh6 Qg6 28. Qxg6 hxg6 29. Rd5 Rf6 30. Rg5 Ref8 31. Nd1 c6 32. c4
Rd8 33. Ke2 d5 34. cxd5 Rxd5 35. Rxd5 cxd5 36. Ke3 Kc7 37. Kd4 Kd6 38. b4 a6
39. Ke3 Ke5 40. Nb2 d4+ 41. Ke2 b5 42. f3 Rc6 43. Kd2 e3+ 44. Kd1 Rc3 45.
f4+ Kxf4 46. Be2 Kg3 47. Nd3 Kxh3 48. Nf4+ Kg3 49. Nxg6 d3 50. Ne5 dxe2+ 51.
Kxe2 Kf4 52. Nd7 Ke4 53. Nf6+ Kd4 54. Ng4 Rc2+ 55. Kd1 Rb2 56. Kc1 Rxb4 57.
Kc2 Rc4+ 58. Kd1 Rc6 59. Ke2 Rg6 60. Nxe3 Re6 {White resigns} 0-1

[Event "ICC tourney 1953 (60 10)"]
[Site "Internet Chess Club"]
[Date "2020.08.07"]
[Round "2"]
[White "zuz1209"]
[Black "dopolian"]
[Result "0-1"]
[ICCResult "White resigns"]
[WhiteElo "2129"]
[BlackElo "2362"]
[Opening "Scotch game"]
[ECO "C45"]
[NIC "SO.04"]
[Time "15:24:37"]
[TimeControl "3600+10"]

1. e4 e5 2. Nf3 Nc6 3. d4 exd4 4. Nxd4 Bb4+ 5. c3 Bc5 6. Be3 Bb6 7. Nf5 Bxe3
8. Nxe3 Nf6 9. f3 O-O 10. c4 d6 11. Nc3 Be6 12. Qd2 Ne5 13. Be2 c6 14. O-O-O
Qb6 15. Na4 Qa6 16. b3 b5 17. cxb5 cxb5 18. Nc3 Qa5 19. Nxb5 Qb6 20. Qd4 Qa5
21. Kb2 Rfd8 22. Nc3 Rab8 23. Ned5 Nfd7 24. Rc1 Nc5 25. Rhd1 Nc6 26. Qd2 Rd7
27. f4 Rdb7 28. Bc4 Nb4 29. Ra1 Bg4 30. Rdb1 Nxd5 31. Bxd5 Rc7 32. Qe3 Qb6
33. Re1 Be6 34. Rac1 a5 35. f5 Bxd5 36. Nxd5 Na4+ 37. Ka1 Qxe3 38. Nxe3 Nc5
39. Nd5 Ra7 40. Rc3 Re8 41. f6 Re6 42. Rg3 g6 43. Rge3 h5 44. e5 Rd7 45.
exd6 Rexd6 46. Nc3 Rxf6 47. R3e2 Ne6 48. Ne4 Rf5 49. Kb2 Nf4 50. Ng3 Nxe2
51. Rxe2 Rfd5 52. Ne4 Kg7 53. Kc3 Rc7+ 54. Kb2 Rd1 55. Rf2 Rd3 56. Nd2 Rd5
57. Nc4 Rb5 58. Ka3 Rg5 59. Ka4 h4 60. Nxa5 Rc1 61. Nc4 Rh1 62. h3 Rg1 63.
Ne3 Re1 64. Nc2 Re4+ 65. b4 Rg3 66. Ka5 Rc3 67. a4 Rec4 68. Ne1 Rb3 69. Nc2
Rb2 70. Ne3 Rcxb4 71. Rf1 Rb8 {White resigns} 0-1